 Dungeon Sprint DCSS version 0.29-a0-925-g0a7a3d12f8 (webtiles) character file.

Game seed: 16130179127343805612

249 Hipnos the Slasher (level 6, -12/56 HPs)
             Began as a Gnoll Chaos Knight on July 29, 2022.
             Was a Plaything of Xom.
             Mangled by a merfolk siren
             ... wielding a +0 trident
              (22 damage)
             ... in the Dungeon (Sprint II: "The Violet Keep of Menkaure").
             The game lasted 00:00:26 (312 turns).

Hipnos the Slasher (Gnoll Chaos Knight)              Turns: 312, Time: 00:00:27

Health: -12/56     AC:  5    Str: 11    XL:     6   Next: 12%
Magic:  1/12       EV: 13    Int: 13    God:    Xom [...*..]
Gold:   0          SH:  0    Dex: 12    Spells: 13/13 levels left

rFire   . . .      SeeInvis .   a - +0 falchion (chaos)
rCold   . . .      Faith    .   (no shield)
rNeg    . . .      Spirit   .   b - +2 leather armour
rPois   .          Reflect  .   (no helmet)
rElec   .          Harm     .   (no cloak)
rCorr   .          Rampage  .   (no gloves)
Will    .....      NoTele   +   (no boots)
Stlth   ++........              (no amulet)
HPRegen 0.18/turn               (no ring)
MPRegen 0.13/turn               (no ring)

@: on berserk cooldown, slowed, very slow
A: fangs 1, strong nose, distributed training, subdued magic 2
a: Renounce Religion


You were in the Dungeon.
You worshipped Xom.
You were a favourite toy of Xom.
You visited 1 branch

Inventory:

Hand Weapons
 a - a +0 falchion of chaos (weapon)
Armour
 b - a +2 leather armour (worn)
Scrolls
 i - a scroll of blinking
Potions
 d - a potion of curing
 e - a potion of heal wounds
 f - a potion of haste
 g - 2 potions of magic
Miscellaneous
 c - a piece from Xom's chessboard (15/15) (quivered)


   Skills:
 + Level 7.9 Fighting
 + Level 4.3 Short Blades
 + Level 7.9 Long Blades
 + Level 4.3 Axes
 + Level 4.3 Maces & Flails
 + Level 4.3 Polearms
 + Level 4.3 Staves
 + Level 4.3 Ranged Weapons
 + Level 4.3 Throwing
 + Level 6.4 Armour
 + Level 5.1 Dodging
 + Level 4.3 Stealth
 + Level 4.3 Shields
 + Level 4.3 Unarmed Combat
 + Level 4.3 Spellcasting
 + Level 3.5 Conjurations
 + Level 3.5 Hexes
 + Level 3.5 Summonings
 + Level 3.5 Necromancy
 + Level 3.5 Translocations
 + Level 3.5 Transmutations
 + Level 3.5 Fire Magic
 + Level 3.5 Ice Magic
 + Level 3.5 Air Magic
 + Level 3.5 Earth Magic
 + Level 3.5 Poison Magic
 + Level 4.8 Invocations
 + Level 4.3 Evocations


You had 13 spell levels left.
You didn't know any spells.
Your spell library was empty.

Dungeon Overview and Level Annotations

Branches:
Dungeon (1/1)

Altars:


Innate Abilities, Weirdness & Mutations

You have very sharp teeth.
Your uncanny sense of smell can sniff out nearby items.
Your experience applies equally to all skills.
Your spells are easier to cast, but less powerful.


Message History

The merfolk siren closely misses you.
Your Short Blades skill increases to level 4!
Your Axes skill increases to level 4!
Your Maces & Flails skill increases to level 4!
Your Polearms skill increases to level 4!
Your Staves skill increases to level 4!
Your Ranged Weapons skill increases to level 4!
Your Throwing skill increases to level 4!
Your Armour skill increases to level 6!
Your Dodging skill increases to level 5!
Your Stealth skill increases to level 4!
Your Shields skill increases to level 4!
Your Unarmed Combat skill increases to level 4!
Your Spellcasting skill increases to level 4!
Your Conjurations skill increases to level 3!
Your Hexes skill increases to level 3!
Your Summonings skill increases to level 3!
Your Necromancy skill increases to level 3!
Your Translocations skill increases to level 3!
Your Transmutations skill increases to level 3!
Your Fire Magic skill increases to level 3!
Your Ice Magic skill increases to level 3!
Your Air Magic skill increases to level 3!
Your Earth Magic skill increases to level 3!
Your Poison Magic skill increases to level 3!
Your Invocations skill increases to level 4!
Your Evocations skill increases to level 4!
You have reached level 6!
There is a staircase leading out of the dungeon here.
You closely miss the merfolk siren.
The merfolk siren hits you with a +0 trident!!
* * * LOW HITPOINT WARNING * * *
You slash the merfolk siren!
You feel better.
The merfolk siren is lightly wounded.
You are no longer berserk.
You are exhausted.
You feel yourself slow down.
The merfolk siren hits you with a +0 trident!!
You die...
Xom is highly amused!

∆ ∆ ###
## ..##.
# .$. ##.
#3#
#..B##3##
#+.@.+∆
#$.B##m##
##. #'# #
... .#.
#. .# ∆
## ##


You could see a merfolk siren and 2 neqoxecs.

Vanquished Creatures
  2 neqoxecs (D)
2 creatures vanquished.

Vanquished Creatures (others)
  A water moccasin (D)
1 creature vanquished.

Grand Total: 3 creatures vanquished

Notes
Turn   | Place    | Note
-------+----------+-------------------------------------------
     0 | D        | Hipnos the Gnoll Chaos Knight began the quest for the Orb.
     0 | D        | Reached XP level 1. HP: 23/23 MP: 1/1
     1 | D        | Noticed a boulder beetle
     1 | D        | Noticed a boulder beetle
    27 | D        | Killed a water moccasin
   292 | D        | XOM: noise
   292 | D        | Noticed a neqoxec
   292 | D        | Noticed a neqoxec
   293 | D        | Noticed a neqoxec
   293 | D        | Noticed a neqoxec
   294 | D        | Gained mutation: Your spells are a little easier to cast,
                  | but a little less powerful. [a neqoxec]
   295 | D        | Noticed a merfolk siren
   299 | D        | Killed a neqoxec
   300 | D        | Reached skill level 5 in Armour
   300 | D        | Reached XP level 2. HP: 31/31 MP: 1/6
   300 | D        | Reached XP level 3. HP: 36/36 MP: 1/7
   300 | D        | Reached XP level 4. HP: 43/43 MP: 1/8
   300 | D        | Reached XP level 5. HP: 48/48 MP: 1/9
   307 | D        | Gained mutation: Your spells are easier to cast, but less
                  | powerful. [a neqoxec]
   309 | D        | Killed a neqoxec
   310 | D        | Reached skill level 5 in Dodging
   310 | D        | Reached XP level 6. HP: 29/56 MP: 1/12
   312 | D        | Mangled by a merfolk siren

Illustrated notes

Levels and vault maps discovered:
D:        the_violet_keep_of_menkaure [sprint2_stairs_cluster_1,
          sprint2_shoproom, sprint2_temple, sprint2_basic_supplies,
          sprint2_obstacle_2, sprint2_obstacle_3, sprint2_obstacle_5,
          sprint2_obstacle_1, sprint2_obstacle_7, sprint2_timed_cluster_1,
          sprint2_smallroom_cluster_1, sprint2_smallroom_final_cluster_1,
          sprint2_transparent_cluster_1, sprint2_second_timed_cluster_1,
          sprint2_sniper_area_1, sprint2_heavy_combat_area_1,
          sprint2_mutation_trap_area_1, sprint2_forest_area_1,
          sprint2_light_combat_area_1, sprint2_behind_water_1,
          sprint2_near_end_vault_1]

Skill      XL: |  1  2  3  4  5 |
---------------+----------------+-----
Fighting       | 7 |  7.9
Short Blades   | 3 4 |  4.3
Long Blades    | 7 |  7.9
Axes           | 3 4 |  4.3
Maces & Flails | 3 4 |  4.3
Polearms       | 3 4 |  4.3
Staves         | 3 4 |  4.3
Ranged Weapons | 3 4 |  4.3
Throwing       | 3 4 |  4.3
Armour         | 5 6 |  6.4
Dodging        | 4 5 |  5.1
Stealth        | 3 4 |  4.3
Shields        | 3 4 |  4.3
Unarmed Combat | 3 4 |  4.3
Spellcasting   | 3 4 |  4.3
Conjurations   | 2 3 |  3.5
Hexes          | 2 3 |  3.5
Summonings     | 2 3 |  3.5
Necromancy     | 2 3 |  3.5
Translocations | 2 3 |  3.5
Transmutations | 2 3 |  3.5
Fire Magic     | 2 3 |  3.5
Ice Magic      | 2 3 |  3.5
Air Magic      | 2 3 |  3.5
Earth Magic    | 2 3 |  3.5
Poison Magic   | 2 3 |  3.5
Invocations    | 3 4 |  4.8
Evocations     | 3 4 |  4.3

Action                   |  1- 3 |  4- 6 || total
-------------------------+-------+-------++-------
Melee: Falchion          |     5 |    12 ||    17
       Bite              |       |     1 ||     1
  Use: Potion            |     1 |       ||     1
Armor: Leather armour    |       |     2 ||     2
Dodge: Dodged            |     4 |     5 ||     9

Table legend: (Time is in decaauts)
 A = Elapsed time spent in this place.
 B = Non-inter-level travel time spent in this place.
 C = Inter-level travel time spent in this place.
 D = Time resting spent in this place.
 E = Time spent auto-exploring this place.
 F = Levels seen in this place.
 G = Mean time per level.
                   A        B        C        D        E       F      G
               +--------+--------+--------+--------+--------+-----+--------+
         Total |    305 |    305 |      0 |    287 |      0 |   1 |  305.0 |
       Dungeon |    305 |    305 |      0 |    287 |      0 |   1 |  305.0 |
               +--------+--------+--------+--------+--------+-----+--------+

Top non-repeatable levels by time:
       D: 305 daAuts
